General information
- name: BNet
- type: Ladder team game (AT/RT)
- host: Battle.net
- saver: FATNlGGERLOVER
map: Slalom
- players: 8
- length: 13:05
- speed: Fast
- version: 1.26 W3XP
- replay type: Public
» download(57 KB)
Players
team 1 (winner)

»
JeffXL (
purple | 22 APM | 276 actions | 12:17)
1 Death Knight
1 Unholy Aura
» actions
| Basic commands | 24 | |
| Build / train | 24 | |
| Enter build submenu | 7 | |
| Enter hero's abilities submenu | 1 | |
| Right click | 124 | |
| Select / deselect | 88 | |
| Use ability | 8 | |
276 total
» units
» buildings
| Ziggurat | 4 | |
| Altar of Darkness | 1 | |
| Crypt | 1 | |
| Graveyard | 1 | |
| Nerubian Tower | 1 | |
| Halls of the Dead | 1 | |
9 total
» build order
00:12 Ziggurat
00:16 Altar of Darkness
00:39 Crypt
01:12 Graveyard
01:19 Ziggurat
01:46 Nerubian Tower
03:15 Halls of the Dead
03:47 Ziggurat
03:51 Ziggurat
FATNlGGERLOVER (
yellow | 61 APM | 795 actions | 13:05)
5 Blood Mage
3 Flame Strike
2 Banish
» actions
| Assign group hotkey | 21 | |
| Basic commands | 42 | |
| Build / train | 51 | |
| Enter build submenu | 14 | |
| Enter hero's abilities submenu | 5 | |
| Remove unit from queue | 1 | |
| Right click | 337 | |
| Select / deselect | 206 | |
| Select group hotkey | 83 | |
| Use ability | 35 | |
795 total
» units
| Peasant | 13 | |
| Footman | 7 | |
| Gryphon Rider | 7 | |
27 total
» upgrades
| Lumber Harvesting | 2 | |
| Masonry | 1 | |
| Swords | 1 | |
| Storm Hammers | 1 | |
5 total
» buildings
| Altar of Kings | 1 | |
| Farm | 4 | |
| Barracks | 1 | |
| Arcane Vault | 1 | |
| Keep | 2 | |
| Castle | 1 | |
| Scout Tower | 1 | |
| Arcane Tower | 1 | |
| Lumber Mill | 1 | |
| Gryphon Aviary | 2 | |
| Blacksmith | 1 | |
16 total
» build order
00:03 Altar of Kings
00:08 Farm
00:17 Barracks
01:27 Farm
02:18 Farm
02:26 Arcane Vault
03:23 Keep
06:26 Castle
06:36 Farm
06:57 Scout Tower
07:30 Arcane Tower
07:33 Lumber Mill
08:57 Gryphon Aviary
10:14 Gryphon Aviary
10:26 Blacksmith
» items
| Scroll of Regeneration | 2 | |
| Lesser Clarity Potion | 1 | |
| Potion of Healing | 1 | |
| Orb of Fire | 1 | |
| Potion of Mana | 2 | |
| Scroll of Town Portal | 1 | |
8 total
GrindhouseAGoGo (
red | 38 APM | 479 actions | 12:27)
2 Archmage
1 Summon Water Elemental
1 Brilliance Aura
» actions
| Assign group hotkey | 19 | |
| Basic commands | 96 | |
| Build / train | 27 | |
| Enter build submenu | 15 | |
| Enter hero's abilities submenu | 2 | |
| Right click | 155 | |
| Select / deselect | 106 | |
| Select group hotkey | 35 | |
| Use ability | 24 | |
479 total
» units
» buildings
| Altar of Kings | 1 | |
| Barracks | 2 | |
| Farm | 8 | |
| Keep | 1 | |
| Arcane Vault | 1 | |
| Lumber Mill | 1 | |
| Town Hall | 1 | |
| Guard Tower | 1 | |
16 total
» build order
00:58 Altar of Kings
01:01 Barracks
01:33 Farm
01:35 Farm
02:25 Farm
02:27 Farm
02:28 Farm
02:28 Farm
03:39 Keep
04:42 Barracks
05:35 Arcane Vault
05:39 Lumber Mill
06:25 Town Hall
07:12 Farm
07:12 Farm
07:51 Guard Tower
» items
| Scroll of Regeneration | 1 | |
| Ivory Tower | 1 | |
| Boots of Speed | 1 | |
| Staff of Teleportation | 1 | |
| Periapt of Vitality | 1 | |
5 total
lhbwhy (
blue | 13 APM | 131 actions | 09:43)
1 Archmage
1 Summon Water Elemental
» actions
| Build / train | 22 | |
| Enter build submenu | 13 | |
| Enter hero's abilities submenu | 1 | |
| Remove unit from queue | 1 | |
| Right click | 18 | |
| Select / deselect | 64 | |
| Use ability | 12 | |
131 total
» units
» upgrades
| Gunpowder | 1 | |
| Lumber Harvesting | 1 | |
2 total
» buildings
| Altar of Kings | 1 | |
| Farm | 3 | |
| Keep | 1 | |
| Lumber Mill | 1 | |
| Blacksmith | 1 | |
| Arcane Vault | 1 | |
| Castle | 1 | |
| Workshop | 3 | |
12 total
» build order
01:25 Altar of Kings
01:30 Farm
02:31 Keep
02:52 Lumber Mill
03:10 Blacksmith
04:16 Arcane Vault
04:22 Farm
04:34 Farm
05:06 Castle
05:10 Workshop
05:26 Workshop
06:03 Workshop
» items
| Ivory Tower | 4 | |
| Scroll of Town Portal | 1 | |
| Potion of Healing | 1 | |
| Scroll of Regeneration | 1 | |
7 total
team 2 (loser)

»
ItPoopAgain (
green | 36 APM | 124 actions | 03:24)
1 Mountain King
1 Storm Bolt
» actions
| Assign group hotkey | 6 | |
| Basic commands | 15 | |
| Build / train | 14 | |
| Enter build submenu | 8 | |
| Enter hero's abilities submenu | 1 | |
| Right click | 14 | |
| Select / deselect | 33 | |
| Select group hotkey | 26 | |
| Use ability | 7 | |
124 total
» units
» buildings
| Altar of Kings | 1 | |
| Farm | 3 | |
| Barracks | 1 | |
| Lumber Mill | 1 | |
| Blacksmith | 1 | |
7 total
» build order
00:19 Altar of Kings
00:25 Farm
01:07 Farm
01:13 Barracks
01:51 Farm
02:16 Lumber Mill
02:27 Blacksmith
rudumb2 (
teal | 20 APM | 66 actions | 03:20)
1 Blademaster
1 Critical Strike
» actions
| Build / train | 14 | |
| Enter build submenu | 4 | |
| Enter hero's abilities submenu | 1 | |
| Right click | 25 | |
| Select / deselect | 18 | |
| Use ability | 4 | |
66 total
» units
» buildings
| Altar of Storms | 1 | |
| Orc Burrow | 1 | |
| Voodoo Lounge | 1 | |
| War Mill | 1 | |
| Stronghold | 1 | |
5 total
» build order
00:05 Altar of Storms
00:07 Orc Burrow
00:12 Voodoo Lounge
02:00 War Mill
02:54 Stronghold
ROLLERAND. (
pink | 60 APM | 784 actions | 13:03)
1 Blademaster
1 Wind Walk
» actions
| Assign group hotkey | 27 | |
| Basic commands | 4 | |
| Build / train | 63 | |
| Enter build submenu | 23 | |
| Enter hero's abilities submenu | 1 | |
| Remove unit from queue | 1 | |
| Right click | 269 | |
| Select / deselect | 125 | |
| Select group hotkey | 217 | |
| Use ability | 54 | |
784 total
» units
| Peon | 8 | |
| Rifleman | 26 | |
| Wind Rider | 12 | |
46 total
» upgrades
| Gunpowder | 1 | |
| Ranged Weapons | 1 | |
| Armor | 1 | |
| Long Rifles | 2 | |
| Envenomed Spears | 1 | |
6 total
» buildings
| Altar of Storms | 1 | |
| Orc Burrow | 10 | |
| Stronghold | 1 | |
| Voodoo Lounge | 1 | |
| Keep | 4 | |
| Barracks | 3 | |
| Farm | 17 | |
| Beastiary | 6 | |
| Fortress | 3 | |
| War Mill | 1 | |
| Great Hall | 1 | |
48 total
» build order
00:08 Altar of Storms
00:18 Orc Burrow
01:23 Orc Burrow
02:06 Stronghold
02:16 Orc Burrow
02:17 Orc Burrow
02:19 Orc Burrow
02:25 Voodoo Lounge
03:39 Orc Burrow
03:41 Orc Burrow
03:41 Orc Burrow
03:47 Keep
03:48 Keep
03:52 Barracks
03:56 Barracks
04:06 Farm
04:06 Farm
04:07 Farm
04:07 Farm
04:08 Farm
04:08 Farm
04:12 Keep
04:30 Barracks
04:34 Farm
04:34 Farm
04:35 Farm
04:43 Orc Burrow
04:49 Beastiary
05:10 Beastiary
05:13 Fortress
05:13 Fortress
05:44 Beastiary
05:45 Beastiary
05:45 Beastiary
05:46 Beastiary
06:38 Orc Burrow
07:13 Farm
07:14 Farm
07:14 Farm
07:26 Farm
07:27 Farm
07:27 Farm
08:18 War Mill
10:29 Great Hall

»
Red_tail_nigg3r (
orange | 22 APM | 67 actions | 02:59)
1 Paladin
1 Holy Light
» actions
| Assign group hotkey | 1 | |
| Build / train | 10 | |
| Enter build submenu | 4 | |
| Enter hero's abilities submenu | 1 | |
| Right click | 11 | |
| Select / deselect | 36 | |
| Use ability | 4 | |
67 total
» units
» buildings
| Altar of Kings | 1 | |
| Farm | 1 | |
| Blacksmith | 1 | |
| Barracks | 1 | |
4 total
» build order
00:06 Altar of Kings
00:09 Farm
01:31 Blacksmith
02:21 Barracks
Chat log
(00:07 / All) GrindhouseAGoGo: Red Tails is such BS
(00:14 / All) Red_tail_nigg3r: it is
(00:32 / All) Red_tail_nigg3r: they wouldn't even be in the air force
(00:34 / All) GrindhouseAGoGo: The big lie for years and years until 2007 was that they never lost a bomber
(00:37 / All) Red_tail_nigg3r: just the cotton fields back then
(00:41 / All) GrindhouseAGoGo: They existed
(00:51 / All) Red_tail_nigg3r: they were prolly white
(00:54 / All) GrindhouseAGoGo: They were Eleanor Roosevelt's pet monkey project
(00:54 / All) Red_tail_nigg3r: not black
(00:58 / All) Red_tail_nigg3r: lol
(00:59 / Allies) JeffXL: frosties : here
(01:01 / All) rudumb2: is this the illuminati?
(01:10 / All) GrindhouseAGoGo: They had innumerable advantages and still underperformed
(01:14 / All) GrindhouseAGoGo: Had the best American planes
(01:16 / Allies) FATNlGGERLOVER: frosties suck go for abom/necro
(01:20 / All) GrindhouseAGoGo: Best training from one of the top American aces
(01:27 / All) GrindhouseAGoGo: They didn't face adversity or discrimination
(01:37 / Allies) JeffXL: necros aboms?
(01:39 / Allies) FATNlGGERLOVER: yes
(01:42 / All) GrindhouseAGoGo: They received easy missions to season themselves
(01:43 / Allies) JeffXL: na
(02:01 / Allies) FATNlGGERLOVER: moron, frosties are shit
(02:06 / All) GrindhouseAGoGo: Hans-Ulrich Rudel did more damage than the 455 Tuskegee Airmen that saw action combined
(02:10 / Allies) GrindhouseAGoGo: THE SHIT
(02:11 / Allies) FATNlGGERLOVER: free xp every time if they don't suck
(02:59 / All) GrindhouseAGoGo: Erich Hartmann had 352 air-to-air kills 3 times more than all the Tuskegee combined
(03:23 / All) FATNlGGERLOVER: raped
(04:17 / Allies) FATNlGGERLOVER: Do not go frosties ever again fool
(04:44 / Allies) GrindhouseAGoGo: wood
(05:08 / Allies) GrindhouseAGoGo: wood
(05:09 / Allies) GrindhouseAGoGo: wood
(05:28 / Allies) GrindhouseAGoGo: wtf purple
(05:40 / Allies) FATNlGGERLOVER: yeah he went awful build, no necropolis? LOL
(05:50 / Allies) GrindhouseAGoGo: fucking bser
(05:56 / Allies) JeffXL: fuckin fat loser
(05:59 / Allies) FATNlGGERLOVER: I hate unsummoning ud bsers
(06:01 / Allies) GrindhouseAGoGo: you are
(06:03 / All) FATNlGGERLOVER: purp is faggot bser
(06:06 / Allies) GrindhouseAGoGo: ruining games is fun for you?
(06:09 / Allies) GrindhouseAGoGo: Reported
(06:10 / All) FATNlGGERLOVER: he unsummoned his negropolis
(06:30 / Allies) FATNlGGERLOVER: Bser reported fag
(07:02 / Allies) lhbwhy: ?
(07:09 / Allies) FATNlGGERLOVER: fucking bser on purps side
(07:57 / Allies) FATNlGGERLOVER: BSER
(08:00 / Allies) FATNlGGERLOVER: killed a peasant
(08:41 / All) lhbwhy: lets leave ,team killer ,fuck your mother
(08:48 / All) FATNlGGERLOVER: fuck you bsing blue and purp!
(08:49 / All) GrindhouseAGoGo: No
(08:52 / All) FATNlGGERLOVER: reported ur cd keys'
(08:52 / All) GrindhouseAGoGo: Fuck your mother
(08:54 / All) GrindhouseAGoGo: You traitor
(08:54 / All) ROLLERAND.: lawl i rape u 1v4
(08:55 / All) FATNlGGERLOVER: sent replay to blizz
(08:58 / All) GrindhouseAGoGo: You took purple's side
(09:11 / Allies) JeffXL: idiots
(09:12 / All) lhbwhy: fuck your mother
(10:34 / All) FATNlGGERLOVER: purple you are getting banned motherfucker
(10:39 / All) FATNlGGERLOVER: just sent email to blizzard!
(10:44 / All) GrindhouseAGoGo: me too
(10:47 / All) GrindhouseAGoGo: I reported it 3 times
(11:02 / Allies) JeffXL: i will die
(11:29 / Allies) JeffXL: is a game fuckers
(11:36 / All) FATNlGGERLOVER: fuck you blackstabber
(12:28 / All) ROLLERAND.: uneventful
(12:56 / All) ROLLERAND.: im gonna leave k?
(13:00 / All) FATNlGGERLOVER: k